 Dungeon Crawl Stone Soup version 0.20-a0-1039-gf554463 (webtiles) character file.

77 Gorglomux the Firebug (level 3, -5/26 HPs)
             Began as a Demigod Fire Elementalist on Apr 21, 2017.
             Slain by a gnoll
             ... wielding a +0 flail
              (12 damage)
             ... on level 1 of the Dungeon on Apr 22, 2017.
             The game lasted 00:03:05 (1122 turns).

Gorglomux the Firebug (Demigod Fire Elementalist)   Turns: 1122, Time: 00:03:05

Health: -5/26      AC:  3    Str: 11    XL:     3   Next: 91%
Magic:  5/8        EV: 12    Int: 23    God:
Gold:   74         SH:  0    Dex: 16    Spells: 2/6 levels left

rFire    + . .     SeeInvis .   s - +2 short sword (speed)
rCold    + . .     Gourm    .   (no shield)
rNeg     . . .     Faith    .   i - +0 leather armour {rF+}
rPois    .         Spirit   .   (no helmet)
rElec    .         Reflect  .   (no cloak)
rCorr    .         Harm     .   (no gloves)
MR       .....                  (no boots)
Stlth    ++........             (no amulet)
Regen    0.1/turn               r - +2 ring of intelligence
MPRegen  0.2/turn               v - ring of protection from cold {rC+, !d}

@: no status effects
A: high mp 1
a: no special abilities


You were on level 1 of the Dungeon.
You were not hungry.

You visited 1 branch of the dungeon, and saw 2 of its levels.

You collected 74 gold pieces.

Inventory:

Hand Weapons
 f - a +0 club
   (You took it off a hobgoblin on level 1 of the Dungeon)
 j - a cursed -3 club
   (You took it off a hobgoblin on level 1 of the Dungeon)
 k - a +0 dagger
   (You found it on level 1 of the Dungeon)
 s - a +2 short sword of speed (weapon)
   (You took it off a kobold on level 1 of the Dungeon)
Armour
 a - a +0 robe
 i - a +0 leather armour of fire resistance (worn)
   (You found it on level 1 of the Dungeon)
Jewellery
 r - a +2 ring of intelligence (left hand)
   (You found it on level 1 of the Dungeon)
 v - a ring of protection from cold (right hand) {rC+, !d}
   (You found it on level 2 of the Dungeon)
Scrolls
 l - a scroll of recharging {unknown}
 p - a scroll of enchant weapon {unknown}
 q - 3 scrolls of noise {unknown}
 t - 2 scrolls of remove curse {unknown}
 x - 2 scrolls of magic mapping {unknown}
 y - 2 scrolls of identify {unknown}
Potions
 d - a potion of degeneration {unknown}
 e - a potion of haste {unknown}
 m - a potion of lignification {unknown}
 o - a potion of invisibility {unknown}
 w - a potion of curing {unknown}
 z - a potion of agility {unknown}
Books
 b - a book of Flames
Comestibles
 c - 2 bread rations {@e1@e1}
 g - 2 meat rations {@e2@e2}
 n - a royal jelly
 u - 9 fruits


   Skills:
 - Level 1.7 Dodging
 - Level 1.7 Stealth
 + Level 2.0 Spellcasting
 * Level 2.5 Conjurations
 * Level 3.5 Fire Magic


You had 2 spell levels left.
You knew the following spells:

 Your Spells              Type           Power        Failure   Level  Hunger
a - Flame Tongue          Conj/Fire      ###..        4%          1    #......
c - Conjure Flame         Conj/Fire      ###.....     14%         3    ###....


Dungeon Overview and Level Annotations

Branches:
Dungeon (2/15)


Innate Abilities, Weirdness & Mutations

You have an increased reservoir of magic. (+10% MP)


Message History

Health restored: 26; MP restored: 8
Things that are here:
a dagger; a rat skeleton You see here a club.
Found a stone staircase leading down.
You see here 3 large rocks {!d}.
x - a scroll labeled DOESUO QUASM
x - 2 scrolls labeled DOESUO QUASM (gained 1)
y - a scroll labeled QYOG EFEMU
z - a yellow potion
u - 9 fruits (gained 4)
You now have 56 gold pieces (gained 10).
You now have 74 gold pieces (gained 18).
q - 3 scrolls labeled ZEXECUM ROYROY (gained 1)
y - 2 scrolls labeled QYOG EFEMU (gained 1) Eating one of 9 chunks of flesh {@w0@w0}.
You eat one of the 9 chunks of flesh {@w0@w0}.
You see here a whip.
A frilled lizard and a gnoll come into view.
There are monsters nearby!
Okay, then.
A gnoll comes into view. It is wielding a flail.
The gnoll shouts!
An adder and a gnoll come into view.
The fire ignites!
The adder hisses angrily.
The gnoll shouts! x2
The frilled lizard hisses angrily.
You now have 5/8 mp.
Aim: a gnoll, wielding a whip The flame tongue hits the gnoll.
You now have 4/8 mp.
Aim: a gnoll, wielding a whip (severely wounded)
The flame tongue hits the gnoll.
You now have 3/8 mp.
Aim: a gnoll, wielding a whip (almost dead)
You miscast Flame Tongue.
You are very lightly contaminated with residual magic.
Nothing appears to happen.
You now have 2/8 mp.
Aim: a gnoll, wielding a whip (almost dead)
The flame tongue hits the gnoll.
You kill the gnoll!
You now have 1/8 mp.
Aim: an adder The flame tongue hits the adder.
You now have 0/8 mp.
You don't have enough magic to cast that spell.
You don't have enough magic to cast that spell.
Unknown command.
Unknown command.
There are monsters nearby!
You barely miss the adder. The adder closely misses you.
The adder completely misses you.
You miss the adder. The adder closely misses you.
You closely miss the adder. The adder bites you but does no damage.
You puncture the adder!
You kill the adder!
You puncture the frilled lizard!
You kill the frilled lizard!
The gnoll hits you with a flail!
You take 7 damage, and have 19/26 hp.
MASSIVE DAMAGE!!
Your magical contamination has completely faded away.
An adder comes into view.
There is a stone staircase leading up here.
You climb upwards.
There is a stone staircase leading down here.
You start resting.
All of the chunks of flesh in your inventory have rotted away.
Health restored: 26; MP restored: 8 You climb downwards.
The gnoll hits you with a flail! The gnoll closely misses you.
There is a stone staircase leading up here.
You take 7 damage, and have 19/26 hp.
MASSIVE DAMAGE!!
The gnoll misses you. The gnoll barely misses you.
You climb upwards.
There is a stone staircase leading down here.
The gnoll hits you with a flail.
You take 3 damage, and have 16/26 hp.
Aim: a gnoll, wielding a flail The flame tongue hits the gnoll.
You now have 7/8 mp.
Aim: a gnoll, wielding a flail (heavily wounded)
The flame tongue hits the gnoll.
The gnoll appears unharmed.
The gnoll hits you with a flail!
* * * LOW HITPOINT WARNING * * *
You take 10 damage, and have 6/26 hp.
MASSIVE DAMAGE!!
You now have 6/8 mp.
Unknown command.
Aim: a gnoll, wielding a flail (heavily wounded)
The flame tongue hits the gnoll.
You kill the gnoll!
You now have 5/8 mp.
Unknown command.
Aim: a gnoll, wielding a flail
Okay, then.
The gnoll hits you with a flail!
You die...

....≈♣##'##≈.####.............# #
#+##♣##8.8#≈......#.###.......###
#+#8###...#≈.###.........##......
......'...#≈.# #.#..####.##......
#.##8##...#≈.# #.#.># #.##......
#'#≈♣≈#8.>#≈.# #.##.# #.#.....##
#'##♣######≈.# #.##)# #.###...#
≈.≈≈≈≈≈≈≈≈≈≈.# #.##.# #.# #...#
#.##.###.###.###@##.####.###...#
#.##.###.........g.............##
#....(.........).................
....................####.#####...
#####.###.########### #.# ###
.......##.# #.# #.#
#####..##.#####.# #.#
#..##.......# #.#
#..########.########.#


You could see a gnoll.

Vanquished Creatures
  2 gnolls
  An adder (D:2)
  2 adder zombies (D:1)
  A worm (D:2)
  A dart slug (D:2)
  A giant cockroach (D:1)
  5 goblins
  4 hobgoblins
  3 jackals (D:2)
  4 kobolds
  A ball python (D:2)
  5 bats
  3 frilled lizards
  5 rats (D:2)
38 creatures vanquished.

Notes
Turn   | Place    | Note
-------+----------+-------------------------------------------
     0 | D:1      | Gorglomux the Demigod Fire Elementalist began the quest for the Orb.
     0 | D:1      | Reached XP level 1. HP: 14/14 MP: 5/5
    18 | D:1      | Reached skill level 1 in Conjurations
   109 | D:1      | Reached XP level 2. HP: 14/20 MP: 0/7
   264 | D:1      | Reached skill level 3 in Fire Magic
   458 | D:1      | Reached skill level 2 in Spellcasting
   516 | D:1      | You fall through a shaft!
   562 | D:2      | Reached XP level 3. HP: 16/26 MP: 3/8
   577 | D:2      | Learned a level 3 spell: Conjure Flame
   757 | D:2      | Upgraded the game from 0.20-a0-1034-gb277f92 to 0.20-a0-1039-gf554463
   784 | D:2      | Reached skill level 2 in Conjurations
  1117 | D:1      | HP: 6/26 [gnoll/flail (10)]
  1122 | D:1      | Slain by a gnoll

Vault maps used:
D:1:      saegor_arrival_fortress
D:2:      minmay_randomly_rotated_circles

Skill      XL: |  1  2  3 |
---------------+----------+-----
Conjurations   | 1 2 |  2.5
Fire Magic     | 3 |  3.5
Spellcasting   | 2 |  2.0
Dodging        | |  1.7
Stealth        | |  1.7

Action                   || total
-------------------------++-------
Melee: Unarmed           ||     1
       Dagger            ||    10
       Short sword       ||    23
 Cast: Flame Tongue      ||    50
       Conjure Flame     ||     1
 Stab: Sleeping          ||     1
  Eat: Chunk             ||     1
Armor: Robe              ||     1
       Leather armour    ||    14
Dodge: Dodged            ||    35

Vault maps used:
D:1:      saegor_arrival_fortress
D:2:      minmay_randomly_rotated_circles

Table legend:
 A = Turns spent in this place as a percentage of turns spent in the entire game.
 B = Non-inter-level travel turns spent in this place as a percentage of non-inter-level travel turns spent in the entire game.
 C = Inter-level travel turns spent in this place as a percentage of turns spent in this place.
 D = Turns resting spent in this place as a percentage of non-inter-level travel turns spent in this place.
 E = Turns spent auto-exploring this place as a percentage of non-inter-level travel turns spent in this place.
 F = Non-inter-level travel turns spent in this place divided by the number of levels of this place that you've seen.
                   A       B       C       D       E      F
               +-------+-------+-------+-------+-------+----------------------
         Total | 100.0 | 100.0 |   0.0 |   3.7 |  10.6 | 203.5
       Dungeon | 100.0 | 100.0 |   0.0 |   3.7 |  10.6 | 203.5
               +-------+-------+-------+-------+-------+----------------------

Table legend:
 A = Kills in this place as a percentage of kills in entire the game.
 B = Kills by you in this place as a percentage of kills by you in the entire game.
 C = Kills by friends in this place as a percentage of kills by friends in the entire game.
 D = Other kills in this place as a percentage of other kills in the entire game.
 E = Experience gained in this place as a percentage of experience gained in the entire game.
 F = Experience gained in this place divided by the number of levels of this place that you have seen.
                   A       B       C       D       E      F
               +-------+-------+-------+-------+-------+----------------------
         Total | 100.0 | 100.0 |  -nan |  -nan | 100.0 |  55.0
       Dungeon | 100.0 | 100.0 |  -nan |  -nan | 100.0 |  55.0
               +-------+-------+-------+-------+-------+----------------------
